 Dungeon Crawl Stone Soup version 0.21-a0-633-g4c047d5 (webtiles) character file.

28 4thArraOfDagon the Caller (level 3, -6/23 HPs)
             Began as a Ghoul Summoner on Dec 28, 2017.
             Was a Follower of Hepliaklqana.
             Mangled by an orc wizard
             ... wielding a +0 dagger of electrocution
              (16 damage)
             ... on level 3 of the Dungeon.
             The game lasted 00:01:54 (437 turns).

4thArraOfDagon the Caller (Ghoul Summoner)           Turns: 437, Time: 00:01:55

Health: -6/23      AC:  2    Str: 11    XL:     3   Next: 14%
Magic:  3/4        EV: 12    Int: 11    God:    Hepliaklqana [*.....]
Gold:   63         SH:  0    Dex:  9    Spells: 4/5 levels left

rFire    . . .     SeeInvis .   g - +1 short sword (venom)
rCold    + . .     Gourm    .   (no shield)
rNeg     + + +     Faith    .   a - +0 robe
rPois    ∞         Spirit   .   (no helmet)
rElec    .         Reflect  .   (no cloak)
rCorr    .         Harm     .   (no gloves)
MR       .....                  (no boots)
Stlth    ++........             (no amulet)
HPRegen  0.00/turn              (no ring)
MPRegen  0.09/turn              (no ring)

@: rotting
A: rotting body, reduced essence, claws 1, carnivore, cold resistance 1,
negative energy resistance 3, inhibited regeneration, torment resistance,
unbreathing
a: Recall Ancestor, Ancestor Identity, Renounce Religion


You were on level 3 of the Dungeon.
You worshipped Hepliaklqana.
Hepliaklqana was aware of your devotion.
You were not hungry.

You visited 1 branch of the dungeon, and saw 3 of its levels.

You collected 63 gold pieces.

Inventory:

Hand Weapons
 g - a +1 short sword of venom (weapon)
Armour
 a - a +0 robe (worn)
Scrolls
 d - 2 scrolls of identify {unknown}
 h - a scroll of random uselessness {unknown}
 i - a scroll of amnesia {unknown}
 k - a scroll of remove curse {unknown}
Potions
 e - a potion of agility {unknown}
 j - 2 potions of resistance {unknown}
Books
 b - a book of Callings

   Spells                             Type                      Level
   a - Summon Small Mammal            Summoning                    1
   b - Call Imp                       Summoning                    2
   c - Call Canine Familiar           Summoning                    3
   d - Summon Guardian Golem          Hexes/Summoning              3
   e - Summon Lightning Spire         Summoning/Air                4
   f - Summon Ice Beast               Ice/Summoning                4
Comestibles
 c - 2 rations
 f - 15 chunks of flesh


   Skills:
 - Level 1.7 Dodging
 - Level 2.1 Stealth
 * Level 3.0 Unarmed Combat
 - Level 1.7 Spellcasting
 - Level 3.6 Summonings


You had 4 spell levels left.
You knew the following spells:

 Your Spells              Type           Power        Failure   Level  Hunger
a - Summon Small Mammal   Summ           #...         7%          1    ##.....


Dungeon Overview and Level Annotations

Branches:
Dungeon (3/15)

Altars:
Hepliaklqana


Innate Abilities, Weirdness & Mutations

Your body is rotting away.
You thrive on raw meat.
You are immune to poison.
You have sharp fingernails.
You are carnivorous and can eat meat at any time.
Your flesh is cold resistant. (rC+)
You are immune to negative energy. (rN+++)
You do not regenerate when monsters are visible.
You are immune to unholy pain and torment.
You can survive without breathing.
Your life essence is reduced to manifest your ancestor. (-10% HP)


Message History

The orc wizard is severely wounded.
Your bat barely misses the orc wizard.
The orc wizard closely misses you.
Khenut barely misses the orc wizard.
The orc hits Khenut but does no damage.
Unknown command.
You closely miss the orc wizard.
The orc wizard is severely wounded.
The orc wizard hits you but does no damage.
You are electrocuted!
Your bat hits the orc wizard but does no damage.
Khenut barely misses the orc wizard.
The orc wizard hits you but does no damage.
The orc barely misses Khenut.
You barely miss the orc wizard.
The orc wizard is severely wounded.
Your bat hits the orc wizard but does no damage.
Khenut hits the orc wizard but does no damage.
The orc wizard hits you with a dagger of electrocution.
You are electrocuted!
Ouch! That really hurt!
You die...

######### #.......#
#####.......#
....#.......#
....#.......##
....#........###
....#..........#########
....#........#........>.
................@#######
....#.......#.bRo###
....#####.###...oo.##
###.## #..##....#..######.
#..# ##..#....#......oo.
###.######..........###...
#........>............
#......###..............
#.....## #........##.####


You could see the friendly Khenut the ancestor, an orc wizard, 2 orcs and a
friendly bat.

Vanquished Creatures
  An adder (D:2)
  A giant cockroach (D:2)
  A goblin (D:2)
  4 hobgoblins
  2 jackals (D:2)
  2 kobolds
  A quokka (D:2)
  A frilled lizard (D:3)
  A rat (D:2)
14 creatures vanquished.

Vanquished Creatures (collateral kills)
  A goblin (D:3)
  A frilled lizard (D:3)
2 creatures vanquished.

Grand Total: 16 creatures vanquished

Notes
Turn   | Place    | Note
-------+----------+-------------------------------------------
     0 | D:1      | 4thArraOfDagon the Ghoul Summoner began the quest for the Orb.
     0 | D:1      | Reached XP level 1. HP: 14/14 MP: 2/2
   147 | D:2      | Found a faded altar of an unknown god.
   158 | D:2      | Reached XP level 2. HP: 20/20 MP: 1/3
   253 | D:2      | Became a worshipper of Hepliaklqana the Forgotten
   253 | D:2      | Reached * piety under Hepliaklqana
   334 | D:2      | Reached XP level 3. HP: 18/23 MP: 4/4
   437 | D:3      | Mangled by an orc wizard

Vault maps used:
D:1:      scummos_arrival_gate, minmay_tromino_i2
D:2:      wad_pebble_path, chequers_ecumenical_altar_simple

Skill      XL: |  1  2  3 |
---------------+----------+-----
Unarmed Combat | 2 3 |  3.0
Dodging        | |  1.7
Stealth        | |  2.1
Spellcasting   | |  1.7
Summonings     | |  3.6

Action                   || total
-------------------------++-------
Melee: Unarmed           ||     6
       Short sword       ||    39
 Cast: Summon Small Mamm ||     4
 Stab: Sleeping          ||     4
  Eat: Chunk             ||     7
Armor: Robe              ||     8
Dodge: Dodged            ||    22

Table legend:
 A = Spawn XP
 B = Non-spawn XP
 C = Spawn XP percentage of total XP
 D = Spawn monster count
 E = Non-spawn monster count
 F = Spawn count percentage of total count
 G = Total turns spent on level
                    A         B        C        D         E        F      G
               +---------+---------+-------+---------+---------+-------+---------
         Total |       0 |      41 |   0.0 |       0 |      16 |   0.0 |   437
               +---------+---------+-------+---------+---------+-------+---------
           D:1 |       0 |       4 |   0.0 |       0 |       2 |   0.0 |   159
           D:2 |       0 |      31 |   0.0 |       0 |      10 |   0.0 |   210
           D:3 |       0 |       6 |   0.0 |       0 |       4 |   0.0 |    68
               +---------+---------+-------+---------+---------+-------+---------
